 Dungeon Crawl Stone Soup version 0.18-a0-1718-g40ea4b6 (webtiles) character file.

7497 ololoev the Cleaver (level 11, -4/99 HPs)
             Began as a Hill Orc Fighter on Apr 8, 2016.
             Was a Priest of the Shining One.
             Slain by a shadow (6 damage)
             ... on level 10 of the Dungeon.
             The game lasted 00:21:16 (10798 turns).

ololoev the Cleaver (Hill Orc Fighter)             Turns: 10798, Time: 00:21:17

Health: -4/99      AC: 15    Str: 23    XL:     11   Next: 16%
Magic:  17/17      EV:  7    Int:  8    God:    the Shining One [***...]
Gold:   386        SH:  0    Dex: 13    Spells: 0 memorised, 10 levels left

rFire  . . .     SeeInvis .     a - +0 battleaxe
rCold  . . .     Gourm    .     v - +0 plate armour
rNeg   + . .     Faith    .     (shield currently unavailable)
rPois  .         Spirit   .     (no helmet)
rElec  .         Dismiss  .     (no cloak)
rCorr  .         Reflect  .     o - +0 pair of gloves
SustAt .         Harm     .     (no boots)
MR     .....                    (no amulet)
Stlth  ..........               (no ring)
                                D - +3 ring of dexterity

@: glowing, not resistant to hostile enchantments, extremely unstealthy
A: no striking features
a: Divine Shield, Renounce Religion

Inventory:

Hand Weapons
 a - a +0 battleaxe (weapon)
Armour
 j - a +2 ring mail of poison resistance
 o - a +0 pair of gloves (worn)
 v - a +0 plate armour (worn)
Jewellery
 g - an uncursed ring of ice
 x - an uncursed ring of fire
 D - a +3 ring of dexterity (left hand)
Scrolls
 b - 4 scrolls of vulnerability {unknown}
 e - 3 scrolls of fear
 h - a scroll of magic mapping
 k - 5 scrolls of remove curse
 l - a scroll of teleportation
 n - a scroll of enchant weapon {unknown}
 r - a scroll of immolation
 t - a scroll of fog
 u - 2 scrolls of enchant armour {unknown}
 B - a scroll of amnesia {unknown}
Potions
 c - 2 potions of flight
 d - 2 potions of might
 i - 6 potions of curing
 m - a potion of haste
 q - a potion of berserk rage
 s - a potion of resistance
 w - a potion of ambrosia {unknown}
 z - a potion of brilliance
Comestibles
 f - 3 bread rations
 p - 10 fruits
 C - 4 meat rations


   Skills:
 + Level 10.0 Fighting
 * Level 14.0 Axes
 + Level 9.2 Armour
   Level 3.2 Shields
 + Level 8.5 Invocations


You had 10 spell levels left.
You didn't know any spells.


You were on level 10 of the Dungeon.
You worshipped the Shining One.
The Shining One was most pleased with you.
You were hungry.

You visited 2 branches of the dungeon, and saw 11 of its levels.

You collected 568 gold pieces.
You spent 182 gold pieces at shops.

#.......####.#.....#.#
..#..........###[....#.#
''#.............[....###
.....................)..
###.....#####..#########
#.....' #..# #.....#
#..# #...)W# #..#
#....@#####..#########
#.....................
#...............^.....
#....#################
#.... ...... #######

Notes
Turn   | Place    | Note
--------------------------------------------------------------
     0 | D:1      | ololoev the Hill Orc Fighter began the quest for the Orb.
     0 | D:1      | Reached XP level 1. HP: 19/19 MP: 1/1
    25 | D:1      | Found a shattered altar of Ashenzari.
    91 | D:1      | Reached skill level 3 in Axes
   292 | D:1      | Reached XP level 2. HP: 27/27 MP: 2/2
   408 | D:1      | Reached XP level 3. HP: 30/33 MP: 3/3
   459 | D:1      | Reached skill level 4 in Axes
  1011 | D:2      | Reached XP level 4. HP: 38/40 MP: 4/4
  1459 | D:2      | Found a deep blue altar of Sif Muna.
  1685 | D:2      | Reached skill level 5 in Axes
  1900 | D:3      | Reached XP level 5. HP: 30/47 MP: 5/5
  2088 | D:3      | Found a sacrificial altar of Ru.
  2184 | D:3      | Found an oddly glowing altar of Pakellas.
  2396 | D:3      | Found a bloodstained altar of Trog.
  2993 | D:4      | Found a staircase to the Ecumenical Temple.
  3075 | Temple   | Entered the Ecumenical Temple
  3282 | Temple   | BrandedWarrior: А когда это ты успел умереть?
  3282 | Temple   | ololoev: в депсах
  3426 | D:4      | Found Muamesuf's General Store.
  3440 | D:4      | Reached skill level 6 in Axes
  3445 | D:4      | BrandedWarrior: А, там.
  3445 | D:4      | BrandedWarrior: И сейчас снова. Сцуки
  3456 | D:4      | Reached XP level 6. HP: 14/55 MP: 6/6
  3713 | D:4      | BrandedWarrior: пронесло
  3730 | D:4      | Bought a potion of haste for 140 gold pieces
  3730 | D:4      | Bought a potion of curing for 42 gold pieces
  4009 | D:5      | Entered Level 5 of the Dungeon
  4048 | D:5      | Found a radiant altar of Vehumet.
  4161 | D:5      | Reached skill level 5 in Fighting
  4161 | D:5      | Reached skill level 7 in Axes
  4336 | D:5      | Found a glowing silver altar of Zin.
  4514 | D:5      | Reached XP level 7. HP: 56/61 MP: 7/7
  4765 | D:5      | Found a glowing golden altar of the Shining One.
  4775 | D:5      | Became a worshipper of the Shining One
  5095 | D:6      | Found an ancient bone altar of Kikubaaqudgha.
  5103 | D:6      | Found a blossoming altar of Fedhas.
  5123 | D:6      | Reached skill level 8 in Axes
  5123 | D:6      | Reached skill level 5 in Armour
  5401 | D:6      | Reached skill level 1 in Invocations
  5514 | D:6      | Reached XP level 8. HP: 67/70 MP: 9/9
  5785 | D:6      | Found Vyro's Magic Scroll Emporium.
  5942 | D:6      | Reached * piety under the Shining One
  5945 | D:6      | BrandedWarrior: Ладно, пойду кще раз сприганном пробегусь.
  5993 | D:6      | Reached skill level 9 in Axes
  6502 | D:7      | Found a burning altar of Makhleb.
  6892 | D:8      | jacquesderrida: LALIEV HOOL POMER
  6895 | D:8      | Reached skill level 10 in Axes
  7004 | D:8      | Reached XP level 9. HP: 60/79 MP: 12/12
  7333 | D:8      | Found a sparkling altar of Nemelex Xobeh.
  7333 | D:8      | Found an opulent altar of Gozag.
  7433 | D:8      | Reached ** piety under the Shining One
  7528 | D:9      | Noticed a troll
  8046 | D:9      | Reached skill level 11 in Axes
  8046 | D:9      | Reached skill level 5 in Invocations
  8079 | D:9      | Killed a troll
  8300 | D:9      | Noticed a hill giant
  9117 | D:9      | Killed a hill giant
  9117 | D:9      | Reached skill level 12 in Axes
  9117 | D:9      | Reached XP level 10. HP: 59/90 MP: 14/14
  9476 | D:10     | Entered Level 10 of the Dungeon
  9494 | D:10     | Found Wopteusas's Gadget Shoppe.
  9500 | D:10     | Noticed a hill giant
  9950 | D:10     | Noticed Josephine
  9951 | D:10     | Noticed a hill giant
  9973 | D:10     | Killed Josephine
  9976 | D:10     | Reached skill level 13 in Axes
 10006 | D:10     | Noticed Grum
 10011 | D:10     | Killed a hill giant
 10019 | D:10     | Killed Grum
 10425 | D:10     | Noticed a hill giant
 10427 | D:10     | Reached *** piety under the Shining One
 10450 | D:10     | Reached XP level 11. HP: 90/99 MP: 17/17
 10453 | D:10     | Killed a hill giant
 10796 | D:10     | HP: 1/99 [hill giant/giant club (18)]
 10797 | D:10     | Killed a hill giant
 10797 | D:10     | Reached skill level 10 in Fighting
 10797 | D:10     | Reached skill level 14 in Axes
 10798 | D:10     | Slain by a shadow

Dungeon Overview and Level Annotations

Branches:
Dungeon (10/15)            Temple (1/1) D:4
   Lair: D:8-11         Orc: D:9-12

Altars:
Ashenzari
Cheibriados
Dithmenos
Elyvilon
Fedhas
Gozag
Kikubaaqudgha
Makhleb
Nemelex Xobeh
Okawaru
Pakellas
Qazlal
Ru
Sif Muna
Trog
Vehumet
Xom
Yredelemnul
Zin
The Shining One

Shops:
D:4 *   D:10 }


Message History

The orc priest hits you but does no damage.
You slice the orc priest!!
You kill the orc priest!
The Shining One accepts your kill.
No target in view!
No target in view!
y - a tiny pearl amulet;
B - a scroll labeled ZAUCOU BIKUH You now have 386 gold pieces (gained 10).
Put on which piece of jewellery? (? for menu, Esc to quit)
You remove your amulet of dismissal.
You feel your power drawn to a protective spirit.
y - an amulet of guardian spirit (around neck) Drop what? 30/52 slots (_ for help) (? for menu, Esc to quit)
You drop an uncursed amulet of dismissal.
You remove your amulet of guardian spirit.
You drop an uncursed amulet of guardian spirit.
You start resting.
Magic restored.
There is an open door here.
You are feeling hungry.
Found 25 stones.
You found a teleport trap!
A hill giant is nearby!
The hill giant shouts!
No target in view!
No target in view!
A shadow comes into view.
The shadow slips into darkness.
The shadow flickers and vanishes!
Deactivating autopickup; reactivate with Ctrl-A.
A jelly comes into view.
The jelly quivers.
You slice the hill giant!!
The hill giant is moderately wounded.
The hill giant hits you with a giant club!!
Unknown command.
You slash the hill giant!
The hill giant is heavily wounded.
The hill giant hits you with a giant club!!
Unknown command.
You hit the shadow but do no damage. You hit the hill giant.
The hill giant is heavily wounded.
The shadow hits you.
The hill giant hits you with a giant club!!
Unknown command.
You slash the hill giant!
The hill giant is severely wounded.
You slash the shadow!
The shadow is moderately damaged.
The shadow completely misses you.
Unknown command.
You slash the hill giant!
The hill giant is almost dead.
You hit the shadow but do no damage.
The shadow is moderately damaged.
You slash the jelly!
Your hands burn!
The jelly is heavily wounded.
The shadow hits you. The hill giant closely misses you.
The jelly hits you but does no damage.
You hit the hill giant but do no damage.
The hill giant is severely wounded.
You slash the jelly!
You kill the jelly!
You barely miss the shadow.
The shadow is moderately damaged.
The shadow hits you.
The hill giant hits you with a giant club!!
Unknown command.
You slice the hill giant!!
You kill the hill giant!
Your Fighting skill increases to level 10!
Your Axes skill increases to level 14!
You hit the shadow but do no damage.
The shadow is moderately damaged.
The shadow hits you.
Unknown command.
You barely miss the shadow.
The shadow is moderately damaged.
The shadow hits you.
You die...

You could see a shadow.

Vanquished Creatures
  Josephine (D:10)
  4 hill giants
  A troll (D:9)
  Grum (D:10)
  4 wraiths (D:10)
  A hippogriff (D:9)
  A water moccasin (D:10)
  2 orc warriors
  2 ice beasts (D:9)
  A black bear (D:9)
  An ogre (D:8)
  2 phantoms (D:6)
  A wasp (D:8)
  3 wolves (D:10)
  A centaur (D:7)
  3 big kobolds
  7 giant frogs
  A wyvern skeleton (D:9)
  A scorpion (D:8)
  5 killer bees (D:10)
  3 howler monkeys (D:7)
  A crimson imp (D:8)
  A giant frog zombie (D:6)
  6 hounds
  3 jellies
  9 orc priests
  A giant frog skeleton (D:8)
  A gnoll shaman (D:6)
  3 centaur skeletons
  5 orc wizards
  2 iguanas
  5 worker ants
  A hound zombie (D:6)
  2 hound skeletons
  3 worker ant zombies
  11 adders
  8 gnolls
  A howler monkey skeleton (D:6)
  4 shadow imps
  2 adder zombies
  6 worms
  4 dart slugs (D:1)
  4 giant geckos
  22 orcs
  3 ball pythons
  6 giant cockroaches
  2 goblins
  10 hobgoblins
  2 jackals (D:6)
  3 quokkas
  13 bats
  6 giant newts
  2 jackal skeletons (D:5)
  25 kobolds
  A quokka skeleton (D:7)
  10 rats
234 creatures vanquished.

Vanquished Creatures (others)
  An orc wizard (D:6)
1 creature vanquished.

Grand Total: 235 creatures vanquished

Action                   |  1- 3 |  4- 6 |  7- 9 | 10-12 || total
-------------------------+-------+-------+-------+-------++-------
Melee: War axe           |   109 |   183 |   377 |    22 ||   691
       Battleaxe         |       |       |       |    74 ||    74
  Use: Potion            |       |     2 |     2 |     4 ||     8
       Scroll            |       |       |    14 |       ||    14
  Eat: Chunk             |       |     6 |     9 |     5 ||    20
       Meat ration       |       |     1 |     1 |       ||     2
       Royal jelly       |       |       |     1 |       ||     1

Vault maps used:
D:1:      ncdulo_wetmaze, evilmike_ruin_ashenzari
D:2:      minmay_door_path, led_sif_pool
D:3:      marbit_many_paths, overflow_temple_1_default,
          nicolae_overflow_hidden_temple, first_bread, bh_chokoban,
          minmay_crystal_water, roderic_batcave
D:4:      minmay_temple_entry_trees, serial_shops, nicolae_shop_crystal
D:5:      nicolae_tso_swordbearing_angel, overflow_temple_1_default,
          vehumet_altar_wand_db
D:6:      grunt_temple_overflow_growth_and_decay, serial_shops, shop,
          nicolae_water_bricks, nicolae_benzene_ring
D:7:      lemuel_round_altar
D:8:      grunt_temple_overflow_opulence, serial_corexii_hall,
          corexii_hall_statues_t, corexii_hall_statues_deadend
D:10:     serial_shops, shop, uniq_josephine, uniq_grum
Temple:   hc_temple_tempest_star
